APP
PULASKI YANKEES @ ELIZABETHTON TWINS
08/09/2044
 
TOP OF THE 1ST
Pulaski Yankees batting - Pitching for Elizabethton Twins : RHP Bud Puffer
Pitching: RHP Bud Puffer
Batting: LHB Joel Vera 0-0: Foul Ball, location: 2F
0-1: Ball
1-1: Called Strike
1-2: Ball
2-2: Ball
3-2: Fly out, F6 (Popup, P, EV 77.5 MPH)
Batting: LHB Dan Morris 0-0: Foul Ball, location: 2F
0-1: DOUBLE (Line Drive, 7LS, EV 106.2 MPH)
Batting: RHB Bobby Melillo 0-0: Ball
1-0: Ball
Dan Morris steals 3rd, throwing error, E2
Dan Morris scores
2-0: Called Strike
2-1: Foul Ball, location: 2F
2-2: Foul Ball, location: 2F
2-2: Ball
3-2: Ground out 5-3 (Groundball, 56S, EV 85.0 MPH)
Batting: RHB Mike Gifford 0-0: Swinging Strike
0-1: Ball
1-1: Ball
2-1: Called Strike
2-2: Ball
3-2: Foul Ball, location: 2F
3-2: Foul Ball, location: 2F
3-2: Base on Balls
Pitching: RHP Jon Hice
Batting: RHB Colby Macon 0-0: Foul Ball, location: 2F
0-1: Ball
1-1: Called Strike
Mike Gifford steals 2nd base
1-2: Ball
2-2: Ball
3-2: SINGLE (Line Drive, 4D, EV 96.2 MPH)
Mike Gifford to third
Runner from 3rd tries for Home, SAFE, throw by CF to home
Colby Macon to second
Batting: SHB Joe Fure 0-0: Ball
1-0: Ball
Wild Pitch!
Colby Macon to third
2-0: Ball
3-0: Called Strike
3-1: Base on Balls
Batting: RHB Johannes Gutermuth 0-0: Ball
1-0: Called Strike
1-1: Foul Ball, location: 2F
1-2: Fly out, F9 (Line Drive, 89S, EV 113.1 MPH)
Top of the 1st over - 2 runs, 2 hits, 1 error, 2 left on base; Pulaski 2 - Elizabethton 0
BOTTOM OF THE 1ST
Elizabethton Twins batting - Pitching for Pulaski Yankees : LHP Arturo Eli
Pitching: LHP Arturo Eli
Batting: RHB Andrew Nicol 0-0: Called Strike
0-1: Ball
1-1: Foul Ball, location: 2F
1-2: Strikes out swinging
Batting: LHB David Campbell 0-0: Called Strike
0-1: Ball
1-1: Ball
2-1: Foul Ball, location: 2F
2-2: Strikes out swinging
Batting: SHB Dan Morataya 0-0: Ball
1-0: Foul Ball, location: 2F
1-1: Called Strike
1-2: Ball
2-2: Foul Ball, location: 2F
2-2: Strikes out swinging
Bottom of the 1st over - 0 runs, 0 hits, 0 errors, 0 left on base; Pulaski 2 - Elizabethton 0
TOP OF THE 2ND
Pulaski Yankees batting - Pitching for Elizabethton Twins : RHP Jon Hice
Batting: RHB Roberto Tena 0-0: Swinging Strike
0-1: Ball
1-1: Fly out, F8 (Flyball, 78M, EV 96.2 MPH)
Batting: RHB Graham Murphy 0-0: Foul Ball, location: 2F
0-1: Ball
1-1: Called Strike
1-2: Ball
2-2: Foul Ball, location: 2F
2-2: Ball
3-2: Base on Balls
Batting: LHB Joel Vera 0-0: Foul Ball, location: 2F
0-1: Called Strike
0-2: Ball
1-2: Foul Ball, location: 2F
1-2: Foul Ball, location: 2F
1-2: Ball
2-2: Hit by Pitch
Graham Murphy to second
Batting: LHB Dan Morris 0-0: Ball
1-0: Called Strike
1-1: Ball
2-1: Foul Ball, location: 2F
2-2: Foul Ball, location: 2F
2-2: Ball
3-2: Base on Balls
Graham Murphy to third
Joel Vera to second
Batting: RHB Bobby Melillo 0-0: Ball
1-0: Ball
2-0: Foul Ball, location: 2F
2-1: Foul Ball, location: 2F
2-2: Foul Ball, location: 2F
2-2: Ball
3-2: SINGLE (Flyball, 78S, EV 98.1 MPH)
Graham Murphy scores
Joel Vera to third
Dan Morris to second
Runner from 3rd tries for Home, SAFE, throw by LF to home
Batting: RHB Mike Gifford 0-0: Ball
1-0: 3-RUN HOME RUN (Line Drive, 7D, EV 96.2 MPH), Distance : 391 ft
Batting: RHB Colby Macon 0-0: Ball
1-0: Called Strike
1-1: Hit by Pitch
Batting: SHB Joe Fure 0-0: Ball
1-0: SINGLE (Groundball, 6MS, EV 63.1 MPH) (infield hit)
Colby Macon to second
Batting: RHB Johannes Gutermuth 0-0: Ball
Colby Macon steals 3rd base
1-0: Called Strike
1-1: Ball
2-1: Ball
3-1: Swinging Strike
3-2: Foul Ball, location: 2F
3-2: Base on Balls
Joe Fure to second
Batting: RHB Roberto Tena 0-0: Ball
1-0: Fly out, F6 (Line Drive, 6, EV 63.8 MPH)
Pitching: RHP Jorge Corte
Batting: RHB Graham Murphy 0-0: Called Strike
0-1: Fielders Choice at 2nd, 6-4 (Groundball, 6, EV 88.1 MPH)
Top of the 2nd over - 5 runs, 3 hits, 0 errors, 3 left on base; Pulaski 7 - Elizabethton 0
BOTTOM OF THE 2ND
Elizabethton Twins batting - Pitching for Pulaski Yankees : LHP Arturo Eli
Batting: RHB Nick Phipps 0-0: Called Strike
0-1: Swinging Strike
0-2: Strikes out swinging
Batting: RHB Jimmy Mayville 0-0: Called Strike
0-1: Ball
1-1: Foul Ball, location: 2F
1-2: Foul Ball, location: 2F
1-2: Ball
2-2: Ball
3-2: SINGLE (Line Drive, 9S, EV 95.6 MPH)
Batting: RHB Alex Belton 0-0: Called Strike
0-1: Swinging Strike
0-2: Foul Ball, location: 2F
0-2: Ball
1-2: Foul Ball, location: 2F
1-2: Ball
2-2: Grounds into double play, 6-4-3 (Groundball, 6M, EV 86.9 MPH)
Bottom of the 2nd over - 0 runs, 1 hit, 0 errors, 0 left on base; Pulaski 7 - Elizabethton 0
TOP OF THE 3RD
Pulaski Yankees batting - Pitching for Elizabethton Twins : RHP Jorge Corte
Batting: LHB Joel Vera 0-0: Ball
1-0: Foul Ball, location: 2F
1-1: SINGLE (Groundball, 4MD, EV 108.1 MPH)
Batting: LHB Dan Morris 0-0: Foul Ball, location: 2F
0-1: Ball
1-1: Ball
2-1: Ball
Joel Vera steals 2nd base
3-1: Reached on error, E3 (Groundball, 3, EV 95.0 MPH)
Joel Vera to third
Batting: RHB Bobby Melillo 0-0: Fielders Choice at 2nd, 4-6 (Groundball, 4, EV 87.5 MPH)
Joel Vera scores
Batting: RHB Mike Gifford 0-0: SINGLE (Flyball, 78S, EV 86.2 MPH)
Bobby Melillo to second
Batting: RHB Colby Macon 0-0: Called Strike
0-1: Ball
1-1: Ball
2-1: Ball
3-1: Base on Balls
Bobby Melillo to third
Mike Gifford to second
Batting: SHB Joe Fure 0-0: Fielders Choice at 3rd, U5 (Groundball, 5L, EV 82.5 MPH)
Bobby Melillo scores
Colby Macon to second
Batting: RHB Johannes Gutermuth 0-0: Swinging Strike
0-1: Called Strike
0-2: Ball
1-2: Ball
2-2: DOUBLE (Line Drive, 78XD, EV 103.1 MPH)
Colby Macon scores
Joe Fure to third
Batting: RHB Roberto Tena 0-0: SINGLE (Groundball, 6MD, EV 101.9 MPH)
Joe Fure scores
Johannes Gutermuth to third
Runner from 3rd tries for Home, throw by CF and OUT! 8-2
Top of the 3rd over - 4 runs, 4 hits, 1 error, 1 left on base; Pulaski 11 - Elizabethton 0
BOTTOM OF THE 3RD
Elizabethton Twins batting - Pitching for Pulaski Yankees : LHP Arturo Eli
Batting: LHB Jose Cotto 0-0: Called Strike
0-1: Foul Ball, location: 2F
0-2: Ball
1-2: Strikes out looking
Batting: RHB Andrew Rich 0-0: Ball
1-0: Swinging Strike
1-1: DOUBLE (Line Drive, 3D, EV 94.4 MPH) - OUT at third base trying to stretch hit.
Batting: RHB Miguel Castella 0-0: Ball
1-0: Foul Ball, location: 2F
1-1: Ball
2-1: Ball
3-1: Foul Ball, location: 2F
3-2: Strikes out swinging
Bottom of the 3rd over - 0 runs, 1 hit, 0 errors, 0 left on base; Pulaski 11 - Elizabethton 0
TOP OF THE 4TH
Pulaski Yankees batting - Pitching for Elizabethton Twins : RHP Jorge Corte
Batting: RHB Graham Murphy 0-0: Ball
1-0: Fly out, F8 (Line Drive, 8LD, EV 91.9 MPH)
Batting: LHB Joel Vera 0-0: Called Strike
0-1: Ground out 4-3 (Groundball, 4, EV 84.4 MPH)
Batting: LHB Dan Morris 0-0: Called Strike
0-1: Ball
1-1: Fly out, F9 (Line Drive, 89M, EV 95.0 MPH)
Top of the 4th over - 0 runs, 0 hits, 0 errors, 0 left on base; Pulaski 11 - Elizabethton 0
BOTTOM OF THE 4TH
Elizabethton Twins batting - Pitching for Pulaski Yankees : LHP Arturo Eli
Batting: RHB Andrew Nicol 0-0: Ball
1-0: Foul Ball, location: 2F
1-1: Called Strike
1-2: Ball
2-2: Ball
3-2: Foul Ball, location: 2F
3-2: Strikes out swinging
Batting: LHB David Campbell 0-0: Called Strike
0-1: Called Strike
0-2: Ball
1-2: Strikes out swinging
Batting: SHB Dan Morataya 0-0: Ball
1-0: Called Strike
1-1: Swinging Strike
1-2: Foul Ball, location: 2F
1-2: Strikes out swinging
Bottom of the 4th over - 0 runs, 0 hits, 0 errors, 0 left on base; Pulaski 11 - Elizabethton 0
TOP OF THE 5TH
Pulaski Yankees batting - Pitching for Elizabethton Twins : RHP Jorge Corte
Batting: RHB Bobby Melillo 0-0: Foul Ball, location: 2F
0-1: Ball
1-1: Called Strike
1-2: Fly out, F8 (Flyball, 8LM, EV 89.4 MPH)
Batting: RHB Mike Gifford 0-0: Ball
1-0: Foul Ball, location: 2F
1-1: Swinging Strike
1-2: Ball
2-2: Hit by Pitch
Batting: RHB Colby Macon 0-0: Ball
1-0: Called Strike
1-1: Foul Ball, location: 2F
1-2: Foul Ball, location: 2F
1-2: Ball
2-2: Ball
Wild Pitch!
Mike Gifford to second
3-2: Base on Balls
Pitching: RHP Ewan Wijker
Batting: SHB Joe Fure 0-0: Ball
1-0: Called Strike
1-1: Ball
2-1: Ball
3-1: Foul Ball, location: 2F
3-2: Foul Ball, location: 2F
3-2: Base on Balls
Mike Gifford to third
Colby Macon to second
Batting: RHB Johannes Gutermuth 0-0: Ball
1-0: Ball
2-0: Ball
3-0: Called Strike
3-1: Foul Ball, location: 2F
3-2: Base on Balls
Mike Gifford scores
Colby Macon to third
Joe Fure to second
Batting: RHB Roberto Tena 0-0: Ball
1-0: Foul Ball, location: 2F
1-1: SINGLE (Line Drive, 5D, EV 98.1 MPH)
Colby Macon scores
Joe Fure to third
Johannes Gutermuth to second
Batting: RHB Graham Murphy 0-0: Called Strike
0-1: Called Strike
0-2: Fielders Choice at 2nd, 6-4 (Groundball, 6, EV 102.5 MPH)
Joe Fure scores
Johannes Gutermuth to third
Batting: LHB Joel Vera 0-0: Called Strike
0-1: Ball
1-1: Foul Ball, location: 2F
1-2: Foul Ball, location: 2F
1-2: DOUBLE (Flyball, 8RXD, EV 105.0 MPH)
Johannes Gutermuth scores
Graham Murphy to third
Batting: LHB Dan Morris 0-0: Ball
1-0: Foul Ball, location: 2F
1-1: Ball
2-1: Foul Ball, location: 2F
2-2: Foul Ball, location: 2F
2-2: Ball
3-2: Foul Ball, location: 2F
3-2: Foul Ball, location: 2F
3-2: Foul Ball, location: 2F
3-2: Strikes out swinging
Top of the 5th over - 4 runs, 2 hits, 0 errors, 2 left on base; Pulaski 15 - Elizabethton 0
BOTTOM OF THE 5TH
Elizabethton Twins batting - Pitching for Pulaski Yankees : LHP Arturo Eli
Batting: RHB Nick Phipps 0-0: Called Strike
0-1: Swinging Strike
0-2: Ball
1-2: Strikes out swinging
Batting: RHB Jimmy Mayville 0-0: Ball
1-0: DOUBLE (Groundball, 3L, EV 103.1 MPH)
Batting: RHB Alex Belton 0-0: Called Strike
0-1: Swinging Strike
0-2: Ball
1-2: Ball
2-2: SINGLE (Groundball, 4MD, EV 100.0 MPH) (infield hit)
Jimmy Mayville to third
Batting: LHB Jose Cotto 0-0: Ball
1-0: Ball
2-0: Fielders Choice at 2nd, 1-4 (Groundball, 15S, EV 68.8 MPH)
Batting: RHB Andrew Rich 0-0: Ball
1-0: Called Strike
1-1: Fly out, F8 (Flyball, 8LD, EV 100.0 MPH)
Bottom of the 5th over - 0 runs, 2 hits, 0 errors, 2 left on base; Pulaski 15 - Elizabethton 0
TOP OF THE 6TH
Pulaski Yankees batting - Pitching for Elizabethton Twins : RHP Ewan Wijker
Batting: RHB Bobby Melillo 0-0: Ball
1-0: Foul Ball, location: 2F
1-1: Ball
2-1: Foul Ball, location: 2F
2-2: Ball
3-2: Foul Ball, location: 2F
3-2: Base on Balls
Pitching: RHP John Giffin
Batting: RHB Mike Gifford 0-0: Called Strike
0-1: Swinging Strike
0-2: Ball
1-2: Ball
2-2: Foul Ball, location: 2F
2-2: DOUBLE (Line Drive, 78D, EV 104.4 MPH)
Bobby Melillo to third
Batting: RHB Colby Macon 0-0: Ball
Wild Pitch!
Bobby Melillo scores
Mike Gifford to third
1-0: Foul Ball, location: 2F
1-1: Called Strike
1-2: Foul Ball, location: 2F
1-2: Ball
2-2: Foul Ball, location: 2F
2-2: Foul Ball, location: 2F
2-2: Ball
3-2: Foul Ball, location: 2F
3-2: Base on Balls
Batting: SHB Joe Fure 0-0: Ball
1-0: Ball
2-0: Ball
3-0: Called Strike
3-1: Base on Balls
Colby Macon to second
Batting: RHB Johannes Gutermuth 0-0: Called Strike
0-1: Ball
1-1: Ball
2-1: Foul Ball, location: 2F
2-2: Ball
Balk!
Mike Gifford scores
Colby Macon to third
Joe Fure to second
3-2: Fly out, F8 (Flyball, 78M, EV 92.5 MPH)
Runner from 3rd tags up, SCORES, throw by CF
Batting: RHB Roberto Tena 0-0: Foul Ball, location: 2F
0-1: Ball
1-1: Ball
2-1: SINGLE (Groundball, 6D, EV 98.1 MPH)
Joe Fure to third
Batting: RHB Graham Murphy 0-0: Ball
1-0: Foul Ball, location: 2F
1-1: Ball
2-1: Swinging Strike
2-2: Ball
3-2: Foul Ball, location: 2F
3-2: Base on Balls
Roberto Tena to second
Batting: LHB Joel Vera 0-0: Ball
1-0: Ball
2-0: Ball
3-0: Base on Balls
Joe Fure scores
Roberto Tena to third
Graham Murphy to second
Pitching: RHP Matthew Dodson
Batting: LHB Dan Morris 0-0: Called Strike
0-1: Ball
1-1: Foul Ball, location: 2F
1-2: Ball
2-2: Foul Ball, location: 2F
2-2: Ball
3-2: Foul Ball, location: 2F
3-2: Foul Ball, location: 2F
3-2: SINGLE (Groundball, 56D, EV 96.9 MPH)
Roberto Tena scores
Graham Murphy to third
Joel Vera to second
Batting: RHB Bobby Melillo 0-0: Called Strike
0-1: Ball
1-1: Called Strike
1-2: Fielders Choice at 2nd, 4-6 (Groundball, 4, EV 87.5 MPH)
Graham Murphy scores
Joel Vera to third
Batting: RHB Mike Gifford 0-0: Called Strike
0-1: Ball
1-1: Foul Ball, location: 2F
1-2: Foul Ball, location: 2F
1-2: Foul Ball, location: 2F
1-2: Ball
2-2: Foul Ball, location: 2F
2-2: Strikes out swinging
Top of the 6th over - 6 runs, 3 hits, 0 errors, 2 left on base; Pulaski 21 - Elizabethton 0
BOTTOM OF THE 6TH
Elizabethton Twins batting - Pitching for Pulaski Yankees : LHP Arturo Eli
Batting: RHB Miguel Castella 0-0: Called Strike
0-1: Ball
1-1: Foul Ball, location: 2F
1-2: Strikes out looking
Batting: RHB Andrew Nicol 0-0: Ball
1-0: Foul Ball, location: 2F
1-1: Ground out 4-3 (Groundball, 4S, EV 80.6 MPH)
Batting: LHB David Campbell 0-0: Ball
1-0: Foul Ball, location: 2F
1-1: Ball
2-1: Called Strike
2-2: Foul Ball, location: 2F
2-2: Ground out 4-3 (Groundball, 4, EV 90.0 MPH)
Bottom of the 6th over - 0 runs, 0 hits, 0 errors, 0 left on base; Pulaski 21 - Elizabethton 0
TOP OF THE 7TH
Pulaski Yankees batting - Pitching for Elizabethton Twins : RHP Matthew Dodson
Batting: RHB Colby Macon 0-0: Fly out, F8 (Flyball, 8RD, EV 86.9 MPH)
Batting: SHB Joe Fure 0-0: Ball
1-0: Ball
2-0: Called Strike
2-1: Ball
3-1: Base on Balls
Batting: RHB Johannes Gutermuth 0-0: Ball
1-0: DOUBLE (Line Drive, 9LD, EV 109.4 MPH)
Joe Fure to third
Batting: RHB Roberto Tena 0-0: Ball
Wild Pitch!
Joe Fure scores
Johannes Gutermuth to third
1-0: Called Strike
1-1: Ground out 6-3 (Groundball, 56, EV 92.5 MPH)
Johannes Gutermuth scores
Batting: RHB Graham Murphy 0-0: Ball
1-0: Ball
2-0: Ball
3-0: Base on Balls
Batting: LHB Joel Vera 0-0: Ball
1-0: Foul Ball, location: 2F
1-1: Foul Ball, location: 2F
1-2: Fly out, F7 (Flyball, 78XD, EV 101.2 MPH)
Top of the 7th over - 2 runs, 1 hit, 0 errors, 1 left on base; Pulaski 23 - Elizabethton 0
BOTTOM OF THE 7TH
Elizabethton Twins batting - Pitching for Pulaski Yankees : LHP Arturo Eli
Batting: SHB Dan Morataya 0-0: Ground out 6-3 (Groundball, 6M, EV 85.6 MPH)
Batting: RHB Nick Phipps 0-0: Ground out 5-3 (Groundball, 6S, EV 80.0 MPH)
Batting: RHB Jimmy Mayville 0-0: Swinging Strike
0-1: Ball
1-1: SINGLE (Groundball, 6MD, EV 100.6 MPH)
Batting: RHB Alex Belton 0-0: Ball
1-0: Ball
2-0: Ball
3-0: Base on Balls
Jimmy Mayville to second
Pitching: RHP Bobby Savoy
Batting: LHB Jose Cotto 0-0: Foul Ball, location: 2F
0-1: Swinging Strike
0-2: Ball
1-2: 3-RUN HOME RUN (Flyball, 9D, EV 95.0 MPH), Distance : 362 ft
Batting: RHB Andrew Rich 0-0: Called Strike
0-1: Ball
1-1: Ball
2-1: Ball
3-1: Foul Ball, location: 2F
3-2: TRIPLE (Flyball, 9LD, EV 98.1 MPH)
Batting: RHB Miguel Castella 0-0: Ball
1-0: Ball
2-0: Ball
3-0: Called Strike
3-1: Foul Ball, location: 2F
3-2: Base on Balls
Batting: RHB Andrew Nicol 0-0: Called Strike
0-1: Ball
1-1: Foul Ball, location: 2F
1-2: Strikes out looking
Bottom of the 7th over - 3 runs, 3 hits, 0 errors, 2 left on base; Pulaski 23 - Elizabethton 3
TOP OF THE 8TH
Pulaski Yankees batting - Pitching for Elizabethton Twins : RHP Matthew Dodson
Batting: LHB Dan Morris 0-0: Ball
1-0: SINGLE (Line Drive, 7LM, EV 108.8 MPH)
Pitching: RHP Marcel Koens
Batting: RHB Bobby Melillo 0-0: Foul Ball, location: 2F
0-1: Fielders Choice at 2nd, 5-4 (Groundball, 56S, EV 84.4 MPH)
Batting: RHB Mike Gifford 0-0: Ball
1-0: Swinging Strike
1-1: Ball
2-1: Ball
Wild Pitch!
Bobby Melillo to second
3-1: Base on Balls
Batting: RHB Colby Macon 0-0: Ball
1-0: Called Strike
1-1: Swinging Strike
1-2: Ball
2-2: Foul Ball, location: 2F
2-2: Ball
3-2: Foul Ball, location: 2F
3-2: Fielders Choice at 2nd, 3-6 (Groundball, 34, EV 81.9 MPH)
Bobby Melillo to third
Batting: SHB Joe Fure 0-0: Ball
1-0: Fly out, F8 (Flyball, 78S, EV 86.9 MPH)
Top of the 8th over - 0 runs, 1 hit, 0 errors, 2 left on base; Pulaski 23 - Elizabethton 3
BOTTOM OF THE 8TH
Elizabethton Twins batting - Pitching for Pulaski Yankees : RHP Bobby Savoy
Batting: LHB David Campbell 0-0: Called Strike
0-1: Ball
1-1: Ball
2-1: Foul Ball, location: 2F
2-2: Foul Ball, location: 2F
2-2: Strikes out swinging
Batting: SHB Dan Morataya 0-0: Called Strike
0-1: Ball
1-1: Called Strike
1-2: Ball
2-2: Strikes out swinging
Batting: RHB Nick Phipps 0-0: Foul Ball, location: 2F
0-1: Called Strike
0-2: Foul Ball, location: 2F
0-2: Ball
1-2: Foul Ball, location: 2F
1-2: Foul Ball, location: 2F
1-2: Ball
2-2: Ball
3-2: SINGLE (Line Drive, 56D, EV 96.9 MPH)
Batting: RHB Jimmy Mayville 0-0: Ball
1-0: Called Strike
1-1: Ground out 1-3 (Groundball, 25, EV 70.6 MPH)
Bottom of the 8th over - 0 runs, 1 hit, 0 errors, 1 left on base; Pulaski 23 - Elizabethton 3
TOP OF THE 9TH
Pulaski Yankees batting - Pitching for Elizabethton Twins : RHP Marcel Koens
Batting: RHB Johannes Gutermuth 0-0: Called Strike
0-1: Ball
1-1: SINGLE (Groundball, 4MS, EV 63.8 MPH) (infield hit)
Batting: RHB Roberto Tena 0-0: Ball
1-0: Called Strike
1-1: Ball
2-1: Ball
3-1: Base on Balls
Johannes Gutermuth to second
Batting: RHB Graham Murphy 0-0: Called Strike
0-1: Foul Ball, location: 2F
0-2: Strikes out looking
Batting: LHB Joel Vera 0-0: Called Strike
0-1: Ball
Wild Pitch!
Johannes Gutermuth to third
Roberto Tena to second
1-1: Ball
2-1: Foul Ball, location: 2F
2-2: Ball
3-2: Base on Balls
Batting: LHB Dan Morris 0-0: Ball
1-0: Foul Ball, location: 2F
1-1: Ball
2-1: Fly out, F8 (Flyball, 8RD, EV 96.2 MPH)
Runner from 3rd tags up, OUT at HOME! 8-2
Top of the 9th over - 0 runs, 1 hit, 0 errors, 2 left on base; Pulaski 23 - Elizabethton 3
BOTTOM OF THE 9TH
Elizabethton Twins batting - Pitching for Pulaski Yankees : RHP Bobby Savoy
Pitching: LHP Steve Martin
Batting: RHB Alex Belton 0-0: Swinging Strike
0-1: Foul Ball, location: 2F
0-2: Strikes out looking
Batting: LHB Jose Cotto 0-0: Called Strike
0-1: Foul Ball, location: 2F
0-2: Ball
1-2: Ball
2-2: Strikes out swinging
Batting: RHB Andrew Rich 0-0: Ball
1-0: Ground out 5-3 (Groundball, 56S, EV 64.4 MPH)
Bottom of the 9th over - 0 runs, 0 hits, 0 errors, 0 left on base; Pulaski 23 - Elizabethton 3
Thursday, March 31st , 2022 - OOTP Baseball 22.12 Build 89